 Dungeon Crawl Stone Soup version 0.23.2-1-ga50397a6bc (webtiles) character file.

Game seed: 15154098668685525383

11032 FluffierThanThou the Cleaver (level 11, -1/101 HPs)
             Began as a Minotaur Fighter on May 21, 2019.
             Was a High Priest of Okawaru.
             Killed from afar by an electric eel (12 damage)
             ... with a bolt of electricity
             ... on level 11 of the Dungeon.
             The game lasted 00:25:20 (8328 turns).

FluffierThanThou the Cleaver (Minotaur Fighter)     Turns: 8328, Time: 00:25:20

Health: -1/101     AC: 14    Str: 24    XL:     11   Next: 44%
Magic:  12/12      EV:  6    Int:  5    God:    Okawaru [*****.]
Gold:   672        SH: 18    Dex: 10    Spells: 10/10 levels left

rFire    + . .     SeeInvis +   F - +14 obsidian axe {chop, +Fly SInv *Curse} (curse)
rCold    + . .     Gourm    .   e - +2 shield {reflect}
rNeg     . . .     Faith    .   p - +0 plate armour
rPois    .         Spirit   .   (helmet restricted)
rElec    .         Reflect  +   (no cloak)
rCorr    .         Harm     .   (no gloves)
MR       .....                  (no boots)
Stlth    ..........             n - +4 amulet of reflection
HPRegen  0.26/turn              x - ring of protection from cold
MPRegen  0.13/turn              v - ring of protection from fire

@: mesmerised, hasted, lightly drained, slow
A: retaliatory headbutt, horns 2
a: Heroism, Finesse, Renounce Religion, Evoke Flight


You were on level 11 of the Dungeon.
You worshipped Okawaru.
Okawaru was extremely pleased with you.
You were hungry.

You visited 2 branches of the dungeon, and saw 12 of its levels.
You also visited: Ossuary.

You collected 780 gold pieces.
You spent 108 gold pieces at shops.

Inventory:

Hand Weapons
 g - a +1 whip of flaming
 F - the cursed +14 obsidian axe (weapon) {chop, +Fly SInv *Curse}
   (You found it on level 5 of the Dungeon)

   It inflicts extra damage upon your enemies.
   It lets you see invisible.
   It lets you fly.
   It curses itself when equipped.
   It has a curse placed upon it.
 M - the +3 whip of Ymekk {protect, -Tele rPois Dex+10 Stlth+, unknown}
   (You found it on level 10 of the Dungeon)

   It protects the one who uses it against injury (+AC on strike).
   It affects your dexterity (+10).
   It protects you from poison.
   It prevents most forms of teleportation.
   It makes you more stealthy.
Armour
 e - a +2 shield of reflection (worn)
 p - a +0 plate armour (worn)
 y - a +1 ring mail of cold resistance
Jewellery
 n - a +4 amulet of reflection (around neck)
 q - an uncursed amulet of faith
 v - a ring of protection from fire (right hand)
 x - a ring of protection from cold (left hand)
 I - an uncursed ring of see invisible
Wands
 m - a wand of paralysis (24)
 r - a wand of acid (7)
 C - a wand of random effects (25)
 H - a wand of disintegration (13)
 L - a wand of enslavement (10)
Scrolls
 b - 5 scrolls of magic mapping {unknown}
 c - 4 scrolls of immolation {unknown}
 d - 11 scrolls of teleportation
 k - 3 scrolls of blinking {unknown}
 l - 9 scrolls of identify {unknown}
 o - 9 scrolls of remove curse {unknown}
 t - 4 scrolls of noise {unknown}
 w - 2 scrolls of amnesia {unknown}
 D - 2 scrolls of fear {unknown}
 K - a scroll of enchant armour {unknown}
Potions
 a - 2 potions of haste
 h - 6 potions of flight
 i - 4 potions of curing
 s - 2 potions of might
 u - a potion of agility {unknown}
 z - a potion of lignification
 A - 2 potions of degeneration {unknown}
 B - a potion of berserk rage {unknown}
 E - a potion of mutation {unknown}
 G - a potion of ambrosia {unknown}
 J - a potion of brilliance {unknown}
 N - a potion of magic {unknown}
Comestibles
 f - 18 rations
 O - 2 chunks of flesh


   Skills:
 + Level 10.6(10.0) Fighting
 * Level 11.0 Axes
 - Level 6.3(9.0) Maces & Flails
 + Level 10.6(10.0) Armour
 + Level 10.6(10.0) Shields
 * Level 3.1(2.6) Invocations


You had 10 spell levels left.
You didn't know any spells.
Your spell library contained the following spells:

 Spells                   Type           Power        Failure   Level  Hunger
 Confusing Touch          Hex            #.....       100%        1    ##.....
 Confuse                  Hex            #.......     100%        3    ####...
 Gell's Gravitas          Tloc           #.........   100%        3    ####...
 Recall                   Summ/Tloc      N/A          100%        3    ####...
 Animate Dead             Necr           N/A          100%        4    #####..
 Petrify                  Tmut/Erth      #.......     100%        4    #####..
 Borgnjor's Vile Clutch   Necr/Erth      #.........   100%        5    ######.
 Metabolic Englaciation   Hex/Ice        #.........   100%        5    ######.
 Yara's Violent Unravell  Hex/Tmut       #.........   100%        5    ######.
 Death Channel            Necr           #.........   100%        6    #######
 Simulacrum               Ice/Necr       #.........   100%        6    #######


Dungeon Overview and Level Annotations

Branches:
Dungeon (11/15)            Temple (1/1) D:5             Orc (0/2) D:10
   Lair: D:8-11

Altars:
Ashenzari
Cheibriados
Dithmenos
Elyvilon
Fedhas
Gozag
Hepliaklqana
Kikubaaqudgha
Makhleb
Nemelex Xobeh
Okawaru
Qazlal
Ru
Sif Muna
Trog
Uskayaw
Vehumet
Wu Jian
Xom
Yredelemnul
Zin
The Shining One

Shops:
D:6 *

Annotations:
D:5 2 runed translucent doors


Innate Abilities, Weirdness & Mutations

You reflexively headbutt those who attack you in melee.
You have a pair of horns on your head.


Message History

The bolt of electricity hits you!
* * * LOW HITPOINT WARNING * * *
You see here a hound corpse.
You slash the crocodile!
You are no longer entranced.
You kill the crocodile!
Okawaru accepts your kill.
You closely miss the hungry ghost.
Visions of slaying the hungry ghost flood into your mind.
Your ynoxinul hits the hungry ghost.
Your chaos spawn barely misses the electric eel.
The hungry ghost barely misses you. You furiously retaliate!
You headbutt the hungry ghost.
Your unstable footing causes you to fumble your attack.
The electric eel shoots out a bolt of lightning at you!
The bolt of electricity hits your chaos spawn!
Your chaos spawn dies!
Your chaos spawn degenerates into a cloud of primal chaos!
The bolt of electricity hits you!
You die...

.≈ .....≈.......#
≈..≈≈≈.......
≈≈≈≈≈≈≈..... ≈≈≈≈≈≈≈≈...
.≈≈≈≈.....# .≈≈≈≈≈;3..#
......†§).# # #
≈.≈≈≈≈W@))# #.###
..≈≈≈≈≈3†.### ####.#.##
≈≈≈≈≈≈≈†....####.......#
≈≈≈.≈...............(...
≈≈≈..≈.≈..#.####.#..#..#
≈..≈.≈.≈....# #.#.###.#
............# #.#..#..#
####.##..#..# #.##.)..#
#........# #.###.#.#


You could see a hungry ghost, an electric eel, a friendly sun demon and a
friendly ynoxinul.

Vanquished Creatures
  A two-headed ogre (D:11)
  A troll (D:11)
  Prince Ribbit (D:8)
  3 hippogriffs
  A shadow (D:11)
  4 hogs (D:7)
  4 yaks (D:11)
  2 hungry ghosts
  A human (D:7)
  Menkaure (D:5)
  Edmund (D:5)
  A water moccasin (D:10)
  2 orc warriors (D:6)
  2 black bears
  2 phantoms (D:10)
  2 sky beasts
  3 ice beasts
  A necrophage (D:5)
  2 ogres
  7 centaurs
  A crocodile (D:11)
  An elf zombie (D:4)
  Blork the orc (D:5)
  4 bullfrogs
  8 big kobolds
  2 scorpions
  A water moccasin skeleton (D:8)
  A troll zombie (D:10)
  17 killer bees
  7 wights
  6 howler monkeys
  2 electric eels (D:6)
  4 crimson imps
  A centaur zombie (D:7)
  6 hounds
  7 orc priests
  3 bullfrog zombies
  A jelly (D:6)
  5 orc wizards
  A centaur skeleton (D:6)
  6 iguanas
  Ijyb (D:5)
  A human skeleton (D:4)
  10 worker ants
  5 ogre zombies (D:10)
  2 hound zombies (Ossuary)
  A hound skeleton (D:4)
  13 mummies (Ossuary)
  A howler monkey zombie (Ossuary)
  2 worker ant zombies (Ossuary)
  2 gnolls (D:6)
  16 adders
  7 shadow imps
  3 adder zombies
  2 adder skeletons
  A worm (D:3)
  4 dart slugs
  2 leopard geckos
  34 orcs
  5 giant cockroaches
  6 hobgoblins
  21 jackals
  5 quokkas
  7 bats
  6 frilled lizards
  A giant cockroach zombie (Ossuary)
  7 goblins
  A goblin skeleton (D:10)
  2 goblin zombies (D:10)
  A hobgoblin skeleton (D:10)
  2 hobgoblin zombies (D:10)
  2 jackal skeletons
  39 kobolds
  A leopard gecko skeleton (D:5)
  4 leopard gecko zombies (Ossuary)
  5 orc skeletons
  7 orc zombies
  A quokka skeleton (D:5)
  3 quokka zombies (Ossuary)
  8 rats
  A butterfly (D:5)
369 creatures vanquished.

Vanquished Creatures (collateral kills)
  A centaur skeleton (D:10)
  A troll (D:11)
  A sky beast (D:9)
  A phantom (D:6)
  An ogre (D:6)
  A wolf (D:11)
  2 big kobolds (D:6)
  A scorpion (D:6)
  A troll zombie (D:10)
  A wight (D:11)
  2 electric eels (D:11)
  A bullfrog zombie (D:6)
  4 hounds
  An orc wizard (D:10)
  An ogre zombie (D:10)
  A gnoll (D:6)
  A shadow imp (D:5)
  An orc (D:8)
  A jackal (D:6)
  10 kobolds (D:6)
  2 hobgoblin skeletons (D:10)
  2 hobgoblin zombies (D:10)
  An orc skeleton (D:10)
  6 orc zombies (D:10)
45 creatures vanquished.

Vanquished Creatures (others)
  A centaur (D:9)
  A wight (D:11)
  An adder zombie (D:6)
  A withered plant (Ossuary)
4 creatures vanquished.

Grand Total: 418 creatures vanquished

Notes
Turn   | Place    | Note
-------+----------+-------------------------------------------
     0 | D:1      | FluffierThanThou the Minotaur Fighter began the quest for
                  | the Orb.
     0 | D:1      | Reached XP level 1. HP: 19/19 MP: 0/0
   126 | D:1      | Reached XP level 2. HP: 22/27 MP: 1/1
   228 | D:1      | Reached skill level 1 in Maces & Flails
   471 | D:2      | Reached XP level 3. HP: 32/33 MP: 2/2
   542 | D:2      | Reached XP level 4. HP: 17/41 MP: 3/3
   804 | D:2      | Found a shimmering altar of Xom.
  1102 | D:3      | Found a faded altar of an unknown god.
  1329 | D:3      | Reached XP level 5. HP: 45/47 MP: 4/4
  1632 | D:4      | Found a sand-covered staircase.
  1643 | Ossuary  | Entered an ossuary
  1654 | Ossuary  | Reached skill level 5 in Armour
  1656 | Ossuary  | Reached skill level 5 in Fighting
  1656 | Ossuary  | Reached skill level 5 in Shields
  1682 | Ossuary  | Reached XP level 6. HP: 56/56 MP: 5/5
  1871 | Ossuary  | Reached XP level 7. HP: 51/62 MP: 6/6
  2307 | D:4      | Reached skill level 5 in Maces & Flails
  2755 | D:5      | Entered Level 5 of the Dungeon
  2773 | D:5      | Reached XP level 8. HP: 71/71 MP: 7/7
  2801 | D:5      | Noticed Ijyb
  2818 | D:5      | Killed Ijyb
  2827 | D:5      | Noticed Blork the orc
  2842 | D:5      | Killed Blork the orc
  2861 | D:5      | Noticed Edmund
  2870 | D:5      | Killed Edmund
  2988 | D:5      | Found a large runed translucent door.
  2988 | D:5      | Found a large runed translucent door.
  3031 | D:5      | Found the cursed +14 obsidian axe {chop, +Fly SInv *Curse}
  3079 | D:5      | Found a large runed translucent door.
  3079 | D:5      | Found a large runed translucent door.
  3092 | D:5      | Reached skill level 3 in Axes
  3206 | D:5      | Noticed Menkaure
  3210 | D:5      | Killed Menkaure
  3210 | D:5      | Reached skill level 4 in Axes
  3210 | D:5      | Reached XP level 9. HP: 81/81 MP: 8/8
  3258 | D:5      | Found a staircase to the Ecumenical Temple.
  3264 | Temple   | Entered the Ecumenical Temple
  3294 | Temple   | Became a worshipper of Warmaster Okawaru
  3727 | D:6      | Found Kazxirr's General Store.
  3735 | D:6      | Bought a scroll of teleportation for 36 gold pieces
  3735 | D:6      | Bought 2 potions of flight for 72 gold pieces
  3819 | D:6      | Reached skill level 5 in Axes
  3958 | D:6      | Reached * piety under Okawaru
  4268 | D:6      | Found a shattered altar of Ashenzari.
  4368 | D:6      | HP: 2/123 [electric eel/bolt of electricity (6)]
  4374 | D:6      | Reached skill level 6 in Axes
  4819 | D:6      | Reached ** piety under Okawaru
  4827 | D:6      | Reached skill level 7 in Axes
  5208 | D:7      | Reached XP level 10. HP: 91/91 MP: 9/9
  5656 | D:7      | Reached skill level 8 in Axes
  5656 | D:7      | Noticed a sun demon
  5659 | D:7      | Reached *** piety under Okawaru
  6114 | D:8      | Found an opulent altar of Gozag.
  6238 | D:8      | Reached skill level 9 in Axes
  6485 | D:8      | Noticed Prince Ribbit
  6492 | D:8      | Killed Prince Ribbit
  6705 | D:9      | Reached **** piety under Okawaru
  6876 | D:9      | Found a sparkling altar of Nemelex Xobeh.
  7006 | D:9      | Reached skill level 10 in Armour
  7006 | D:9      | Reached skill level 10 in Shields
  7013 | D:9      | Reached skill level 10 in Fighting
  7306 | D:10     | Entered Level 10 of the Dungeon
  7377 | D:10     | Found a staircase to the Orcish Mines.
  7389 | D:10     | Reached skill level 10 in Axes
  7560 | D:10     | Reached XP level 11. HP: 100/100 MP: 10/10
  7721 | D:10     | Got an iridescent whip
  7728 | D:10     | Reached ***** piety under Okawaru
  7900 | D:11     | Noticed a two-headed ogre
  7906 | D:11     | Killed a two-headed ogre
  7906 | D:11     | Received a gift from Okawaru
  7906 | D:11     | Reached skill level 1 in Invocations
  7967 | D:11     | Received a gift from Okawaru
  8119 | D:11     | Found a shattered altar of Ashenzari.
  8318 | D:11     | Reached skill level 11 in Axes
  8328 | D:11     | Killed from afar by an electric eel

Skill      XL: |  1  2  3  4  5  6  7  8  9 10 11 |
---------------+----------------------------------+-----
Maces & Flails | 1 2 3 4 5 6 |  6.3
Fighting       | 4 5 6 7 9 10 | 10.6
Armour         | 4 5 6 7 9 10 | 10.6
Shields        | 4 5 6 7 9 10 | 10.6
Axes           | 4 7 10 11 | 11.0
Invocations    | 3 |  3.1

Action                   |  1- 3 |  4- 6 |  7- 9 | 10-12 || total
-------------------------+-------+-------+-------+-------++-------
Melee: Whip              |    80 |   210 |   199 |       ||   489
       Headbutt          |     8 |    39 |    60 |    29 ||   136
       War axe           |     1 |       |       |       ||     1
       Broad axe         |       |       |   119 |   237 ||   356
Invok: Heroism           |       |       |       |     1 ||     1
  Use: Potion            |     1 |       |     7 |     3 ||    11
 Stab: Distracted        |       |       |       |     2 ||     2
  Eat: Chunk             |       |     2 |       |     3 ||     5
       Ration            |       |       |     4 |     2 ||     6
Armor: Scale mail        |    24 |     1 |       |       ||    25
       Plate armour      |       |    54 |    79 |    81 ||   214
       Skin              |       |       |     3 |       ||     3
Dodge: Dodged            |    25 |    14 |    32 |    39 ||   110
Block: Shield            |    52 |   111 |   222 |   203 ||   588
       Reflection        |     2 |     3 |    27 |     8 ||    40
